 Dungeon Crawl Stone Soup version 0.23.2-40-g277498a (webtiles) character file.

Game seed: 13676533410950738817

422 Fang the Skirmisher (level 6, -1/40 HPs)
             Began as a Gargoyle Berserker on Oct 14, 2019.
             Was an Elder of Trog.
             Slain by a worker ant (4 damage)
             ... on level 4 of the Dungeon.
             The game lasted 00:03:57 (2614 turns).

Fang the Skirmisher (Gargoyle Berserker)            Turns: 2614, Time: 00:03:58

Health: -1/40      AC:  6    Str: 23    XL:     6   Next: 95%
Magic:  6/6        EV: 13    Int:  7    God:    Trog [****..]
Gold:   169        SH:  0    Dex:  9    Spells: 5/5 levels left

rFire    . . .     SeeInvis .   a - +3 hand axe
rCold    . . .     Gourm    .   (no shield)
rNeg     + . .     Faith    .   b - +0 animal skin
rPois    ∞         Spirit   .   (no helmet)
rElec    +         Reflect  .   (no cloak)
rCorr    .         Harm     .   (no gloves)
MR       .....                  (no boots)
Stlth    +.........             (no amulet)
HPRegen  0.13/turn              m - ring of flight
MPRegen  0.10/turn              (no ring)

@: berserk cooldown, slowed, very slow
A: negative energy resistance 1, electricity resistance, unbreathing,
petrification resistance, rot immunity, AC +4
a: Berserk, Trog's Hand, Brothers in Arms, Renounce Religion, Evoke Flight


You were on level 4 of the Dungeon.
You worshipped Trog.
Trog was greatly pleased with you.
You were hungry.

You visited 1 branch of the dungeon, and saw 4 of its levels.

You collected 169 gold pieces.

Inventory:

Hand Weapons
 a - a +3 hand axe (weapon)
Armour
 b - a +0 animal skin (worn)
Jewellery
 m - a ring of flight (left hand)
Scrolls
 g - 4 scrolls of identify {unknown}
 i - a scroll of amnesia {unknown}
 n - a scroll of enchant armour {unknown}
 q - 2 scrolls of teleportation {unknown}
Potions
 d - a potion of agility {unknown}
 e - 4 potions of might {unknown}
 h - a potion of heal wounds {unknown}
 j - a potion of invisibility {unknown}
 k - a potion of brilliance {unknown}
 l - a potion of lignification {unknown}
 o - 2 potions of ambrosia {unknown}
 p - a potion of flight {unknown}
Comestibles
 c - 6 rations
 f - 4 chunks of flesh


   Skills:
 + Level 5.0 Fighting
 + Level 4.1 Axes
 + Level 4.3 Armour
 + Level 3.2 Dodging


You had 5 spell levels left.
You didn't know any spells.
Your spell library was empty.

Dungeon Overview and Level Annotations

Branches:
Dungeon (4/15)
 Temple: D:4-7

Altars:


Innate Abilities, Weirdness & Mutations

You are resistant to torment.
Your stone body is resilient. (AC +4)
You are immune to poison.
You resist negative energy. (rN+)
You are resistant to electric shocks. (rElec)
You can survive without breathing.
You are immune to petrification.
You are immune to rotting.


Message History

You slash the worker ant!
The worker ant is heavily wounded.
The worker ant closely misses you.
You closely miss the worker ant.
The worker ant is heavily wounded.
You are no longer berserk.
You are exhausted.
You feel yourself slow down.
The worker ant bites you but does no damage.
You completely miss the worker ant.
The worker ant is heavily wounded.
The worker ant bites you.
* * * LOW HITPOINT WARNING * * *
The worker ant misses you.
You slash the worker ant!
You kill the worker ant!
Trog accepts your kill.
Your Fighting skill increases to level 5!
The worker ant bites you.
You die...

####.# ####.#
######## ..##[###
#...... .......#
#..$.. .......+
..... .......# #...
####'### #.. .....#
#a# .....# ####@###
.....# #......#
.....# #......#
.....########....(.#
.....#..)..##......#
.....#.###.##......#
####.#.#....'......#
####+#+#.#.##......#
##.........##......#


You could see a worker ant.

Vanquished Creatures
  A phantom (D:4)
  A bullfrog (D:4)
  An orc priest (D:3)
  An orc wizard (D:4)
  A worker ant (D:4)
  Robin (D:3)
  6 adders
  A worm (D:3)
  2 dart slugs (D:2)
  2 leopard geckos (D:1)
  18 orcs
  2 ball pythons (D:2)
  3 bats
  A giant cockroach (D:2)
  13 goblins
  10 hobgoblins
  9 jackals
  2 quokkas
  9 frilled lizards
  7 kobolds
  A leopard gecko skeleton (D:4)
  24 rats
116 creatures vanquished.

Notes
Turn   | Place    | Note
-------+----------+-------------------------------------------
     0 | D:1      | Fang the Gargoyle Berserker began the quest for the Orb.
     0 | D:1      | Reached XP level 1. HP: 14/14 MP: 1/1
   108 | D:1      | Reached XP level 2. HP: 19/19 MP: 2/2
   357 | D:1      | Reached XP level 3. HP: 21/23 MP: 3/3
   359 | D:1      | Reached ** piety under Trog
   752 | D:2      | Reached XP level 4. HP: 24/29 MP: 4/4
   920 | D:2      | Reached skill level 4 in Fighting
  1494 | D:3      | Reached *** piety under Trog
  1566 | D:3      | Reached XP level 5. HP: 32/33 MP: 5/5
  1806 | D:3      | Noticed Robin
  1822 | D:3      | Killed Robin
  2042 | D:4      | Noticed a phantom
  2070 | D:4      | Reached XP level 6. HP: 15/39 MP: 6/6
  2077 | D:4      | Reached **** piety under Trog
  2447 | D:4      | Killed a phantom
  2614 | D:4      | Reached skill level 5 in Fighting
  2614 | D:4      | Slain by a worker ant

Skill      XL: |  1  2  3  4  5  6 |
---------------+-------------------+-----
Axes           | 3 4 |  4.1
Dodging        | 2 3 |  3.2
Armour         | 3 4 |  4.3
Fighting       | 4 5 |  5.0

Action                   |  1- 3 |  4- 6 || total
-------------------------+-------+-------++-------
Melee: Hand axe          |   137 |   259 ||   396
Invok: Berserk           |       |     3 ||     3
       Trog's Hand       |       |     1 ||     1
 Stab: Sleeping          |       |     1 ||     1
  Eat: Chunk             |       |     5 ||     5
       Ration            |       |     1 ||     1
Armor: Animal skin       |    39 |    76 ||   115
Dodge: Dodged            |    97 |   144 ||   241
